 Dungeon Sprint DCSS version 0.17-a0-2118-g63bad21 (webtiles) character file.

14300000 hexophile the Ninja (level 27, -118/273 HPs)
             Began as a Ghoul Warper on Oct 20, 2015.
             Was the Champion of Makhleb.
             Annihilated by a fleshlord
             ... wielding a +9 great mace
              (391 damage)
             ... in the Dungeon (Sprint VIII: "Arena of Blood").
             The game lasted 00:03:28 (143 turns).

hexophile the Ninja (Ghoul Warper)                   Turns: 143, Time: 00:03:29

Health: -118/273   AC:  6    Str: 19    XL:     27
Magic:  49/53      EV: 32    Int:  8    God:    Makhleb [******]
Gold:   0          SH:  0    Dex: 17    Spells: 1 memorised, 79 levels left

rFire  + . .     SeeInvis .     k - +∞ Axe of Woe
rCold  + . .     Clarity  .     a - +0 leather armour
rNeg   + + +     SustAt   .     (no shield)
rPois  ∞         Gourm    .     (no helmet)
rElec  .         Spirit   .     (no cloak)
rCorr  .         Warding  .     (no gloves)
rMut   .         NoTele   +     (no boots)
MR     ++...                    (no amulet)
Stlth  +++++++++.               (no ring)
                                l - ring of protection from fire {rF+}

@: very slightly contaminated, rotting, hasted and slowed, very resistant to
hostile enchantments, incredibly stealthy
A: rotting body, claws 1, carnivore 3, cold resistance 1, negative energy
resistance 3, slow regeneration 1, torment resistance, unbreathing
a: Minor Destruction, Lesser Servant of Makhleb, Major Destruction, Greater
Servant of Makhleb, Renounce Religion


You were in the Dungeon.
You worshipped Makhleb.
Makhleb was exalted by your worship.
You were not hungry.

You visited 1 branch


Innate Abilities, Weirdness & Mutations

Your body is rotting away.
You thrive on raw meat.
You are immune to poison.
You have sharp fingernails.
You are carnivorous and can eat meat at any time.
Your flesh is cold resistant.
You are immune to negative energy.
You regenerate slowly when monsters are visible.
You are immune to unholy pain and torment.
You can survive without breathing.

Inventory:

Hand Weapons
 k - the +∞ Axe of Woe (weapon)
   (You found it in the Dungeon)
Missiles
 d - 5 tomahawks of dispersal (quivered)
Armour
 a - a +0 leather armour (worn)
Jewellery
 l - a ring of protection from fire (left claw) {rF+}
Scrolls
 c - 2 scrolls of blinking
Potions
 f - a potion of curing
 g - a potion of heal wounds
 i - 2 potions of magic
 j - a potion of berserk rage
Books
 b - a book of Spatial Translocations

   Spells                             Type                      Level
   a - Apportation                    Translocation                1
   b - Blink                          Translocation                2
   c - Shroud of Golubria             Charms/Translocation         2
   d - Portal Projectile              Translocation                3
   e - Teleport Other                 Translocation                3
   f - Passage of Golubria            Translocation                4
Comestibles
 e - a meat ration


You had 79 spell levels left.
You knew the following spells:

 Your Spells              Type           Power        Failure   Level  Hunger
z - Apportation           Tloc           ######....   0%          1    None


   Skills:
 O Level 27 Fighting
 O Level 27 Axes
 O Level 27 Throwing
 O Level 27 Armour
 O Level 27 Dodging
 O Level 27 Stealth
 O Level 27 Unarmed Combat
 O Level 27 Spellcasting
 O Level 27 Translocations
 O Level 27 Invocations

Dungeon Overview and Level Annotations

Branches:
Dungeon (1/1)

Altars:
Makhleb

Vault maps used:
D:        meatsprint
You       could see an eight-headed meat hydra, a fleshlord and a dread.


Message History

The eight-headed meat hydra bites you!
The eight-headed meat hydra completely misses you. x2
The eight-headed meat hydra bites you!
The eight-headed meat hydra completely misses you.
The eight-headed meat hydra closely misses you.
The eight-headed meat hydra bites you!
A dread comes into view.
Items here: ))) === † You take 27 damage, and have 246/273 hp.
You hack one of the eight-headed meat hydra's heads off!
The seven-headed meat hydra grows two more!
You slice the nine-headed meat hydra!!
You cleave the nine-headed meat hydra in twain.
You kill the nine-headed meat hydra!
Makhleb accepts your kill.
You feel better.
You slice something!!
You butcher something messily.
Makhleb accepts your kill.
Reactivating autopickup.
You feel a bit more experienced.
You hear a shout! x6
Health restored: 273 You hear a shout! x8
You see here a meat hydra corpse.
The eight-headed meat hydra roars!
You hear a shout!
You hear a shout!
You hear a shout! x7
The eight-headed meat hydra misses you.
The eight-headed meat hydra barely misses you.
The eight-headed meat hydra bites you!
The eight-headed meat hydra barely misses you.
The eight-headed meat hydra completely misses you.
The eight-headed meat hydra bites you.
The eight-headed meat hydra bites you but does no damage.
The eight-headed meat hydra barely misses you.
You take 9 damage, and have 264/273 hp.
You lop one of the eight-headed meat hydra's heads off!
The seven-headed meat hydra grows two more!
You slash the nine-headed meat hydra!
You butcher the nine-headed meat hydra messily.
You kill the nine-headed meat hydra!
Makhleb accepts your kill.
You feel better. The fleshlord casts a spell at you.
You feel as though you will be slow longer.
You hear a shout! x5
Health restored: 273 You hear a shout! x3
The dread completely misses you.
The fleshlord hits you with a +9 great mace!!!!!!
Ouch! That really hurt!
You die...

Action                   |  1- 3 |  4- 6 |  7- 9 | 10-12 | 13-15 | 16-18 | 19-21 | 22-24 | 25-27 || total
-------------------------+-------+-------+-------+-------+-------+-------+-------+-------+-------++-------
Melee: Executioner's axe |     1 |       |       |       |     3 |     3 |     4 |     5 |    78 ||    94
 Cast: Apportation       |       |       |       |       |       |       |       |       |     1 ||     1
  Use: Potion            |       |       |       |       |       |       |       |       |     1 ||     1

Notes
Turn   | Place    | Note
--------------------------------------------------------------
     0 | D        | hexophile the Ghoul Warper began the quest for the Orb.
     0 | D        | Reached XP level 1. HP: 17/17 MP: 2/2
     3 | D        | Noticed a bag of meat
     4 | D        | Became a worshipper of Makhleb the Destroyer
     6 | D        | Noticed a bag of meat
     6 | D        | Noticed a bag of meat
     6 | D        | Noticed a bag of meat
     6 | D        | Noticed a meat berserker
     7 | D        | Noticed a bag of meat
     8 | D        | Noticed a meat berserker
     9 | D        | Noticed a meat berserker
     9 | D        | Killed a bag of meat
     9 | D        | Reached skill level 17 in Fighting
     9 | D        | Reached skill level 15 in Axes
     9 | D        | Reached skill level 19 in Stealth
     9 | D        | Reached XP level 2. HP: 19/52 MP: 3/3
     9 | D        | Reached XP level 3. HP: 21/59 MP: 4/4
     9 | D        | Reached XP level 4. HP: 24/68 MP: 5/5
     9 | D        | Reached XP level 5. HP: 26/74 MP: 6/6
     9 | D        | Reached XP level 6. HP: 28/82 MP: 7/7
     9 | D        | Reached XP level 7. HP: 30/89 MP: 8/8
     9 | D        | Reached XP level 8. HP: 32/97 MP: 9/9
     9 | D        | Reached XP level 9. HP: 34/104 MP: 10/10
     9 | D        | Reached XP level 10. HP: 36/112 MP: 11/11
     9 | D        | Reached XP level 11. HP: 37/118 MP: 12/12
     9 | D        | Reached XP level 12. HP: 39/127 MP: 13/13
     9 | D        | Killed a bag of meat
     9 | D        | Reached * piety under Makhleb
     9 | D        | Reached skill level 20 in Fighting
     9 | D        | Reached skill level 17 in Axes
     9 | D        | Reached skill level 21 in Stealth
     9 | D        | Reached XP level 13. HP: 40/139 MP: 14/14
    10 | D        | Noticed a meat berserker
    10 | D        | Noticed a bag of meat
    10 | D        | Noticed a meat berserker
    11 | D        | Noticed a bag of meat
    11 | D        | Noticed a bag of meat
    11 | D        | Noticed a bag of meat
    11 | D        | Killed a meat berserker
    11 | D        | Reached skill level 23 in Fighting
    11 | D        | Reached skill level 20 in Axes
    11 | D        | Reached skill level 24 in Stealth
    11 | D        | Reached XP level 14. HP: 42/157 MP: 15/15
    11 | D        | Noticed a bag of meat
    12 | D        | Noticed a bag of meat
    12 | D        | Noticed a bag of meat
    12 | D        | Noticed a bag of meat
    12 | D        | Noticed a bag of meat
    13 | D        | Noticed a meat berserker
    13 | D        | Noticed a meat berserker
    13 | D        | Noticed a bag of meat
    13 | D        | Killed a meat berserker
    13 | D        | Reached ** piety under Makhleb
    13 | D        | Reached skill level 25 in Fighting
    13 | D        | Reached skill level 22 in Axes
    13 | D        | Reached skill level 27 in Stealth
    13 | D        | Reached XP level 15. HP: 45/170 MP: 16/16
    14 | D        | Noticed a bag of meat
    14 | D        | Noticed a bag of meat
    14 | D        | Killed a meat berserker
    14 | D        | Reached skill level 27 in Fighting
    14 | D        | Reached skill level 25 in Axes
    14 | D        | Reached XP level 16. HP: 36/183 MP: 17/17
    15 | D        | Noticed a meat berserker
    15 | D        | Killed a bag of meat
    15 | D        | Reached *** piety under Makhleb
    15 | D        | Reached skill level 27 in Axes
    15 | D        | Reached skill level 3 in Throwing
    15 | D        | Reached skill level 3 in Armour
    15 | D        | Reached skill level 3 in Dodging
    15 | D        | Reached skill level 4 in Unarmed Combat
    15 | D        | Reached skill level 3 in Spellcasting
    15 | D        | Reached skill level 4 in Translocations
    15 | D        | Reached skill level 3 in Invocations
    15 | D        | Killed a meat berserker
    15 | D        | Reached skill level 8 in Throwing
    15 | D        | Reached skill level 8 in Armour
    15 | D        | Reached skill level 8 in Dodging
    15 | D        | Reached skill level 9 in Unarmed Combat
    15 | D        | Reached skill level 7 in Spellcasting
    15 | D        | Reached skill level 8 in Translocations
    15 | D        | Reached skill level 9 in Invocations
    15 | D        | Reached XP level 17. HP: 178/191 MP: 17/27
    15 | D        | Noticed a bag of meat
    17 | D        | Noticed a bag of meat
    17 | D        | Noticed a bag of meat
    17 | D        | Killed a meat berserker
    17 | D        | Reached skill level 11 in Throwing
    17 | D        | Reached skill level 10 in Armour
    17 | D        | Reached skill level 11 in Dodging
    17 | D        | Reached skill level 12 in Unarmed Combat
    17 | D        | Reached skill level 10 in Spellcasting
    17 | D        | Reached skill level 11 in Translocations
    17 | D        | Reached skill level 12 in Invocations
    17 | D        | Reached XP level 18. HP: 200/200 MP: 17/31
    17 | D        | Killed a meat berserker
    17 | D        | Reached **** piety under Makhleb
    17 | D        | Reached skill level 12 in Throwing
    17 | D        | Reached skill level 12 in Armour
    17 | D        | Reached skill level 13 in Dodging
    17 | D        | Reached skill level 15 in Unarmed Combat
    17 | D        | Reached skill level 12 in Spellcasting
    17 | D        | Reached skill level 13 in Translocations
    17 | D        | Reached skill level 14 in Invocations
    18 | D        | Noticed a meat berserker
    18 | D        | Noticed a meat berserker
    18 | D        | Noticed a bag of meat
    18 | D        | Killed a meat berserker
    18 | D        | Reached skill level 14 in Throwing
    18 | D        | Reached skill level 14 in Armour
    18 | D        | Reached skill level 14 in Dodging
    18 | D        | Reached skill level 16 in Unarmed Combat
    18 | D        | Reached skill level 13 in Spellcasting
    18 | D        | Reached skill level 14 in Translocations
    18 | D        | Reached skill level 16 in Invocations
    18 | D        | Reached XP level 19. HP: 207/207 MP: 17/35
    18 | D        | Killed a bag of meat
    18 | D        | Reached skill level 15 in Throwing
    18 | D        | Reached skill level 15 in Armour
    18 | D        | Reached skill level 15 in Dodging
    18 | D        | Reached skill level 17 in Unarmed Combat
    18 | D        | Reached skill level 14 in Spellcasting
    18 | D        | Reached skill level 15 in Translocations
    18 | D        | Reached skill level 17 in Invocations
    18 | D        | Killed a bag of meat
    18 | D        | Reached ***** piety under Makhleb
    18 | D        | Reached skill level 16 in Dodging
    18 | D        | Reached skill level 18 in Unarmed Combat
    18 | D        | Reached skill level 16 in Translocations
    18 | D        | Reached skill level 18 in Invocations
    18 | D        | Killed a bag of meat
    18 | D        | Reached skill level 16 in Throwing
    18 | D        | Reached skill level 16 in Armour
    18 | D        | Reached skill level 19 in Unarmed Combat
    18 | D        | Reached skill level 15 in Spellcasting
    18 | D        | Reached skill level 19 in Invocations
    19 | D        | Killed a bag of meat
    19 | D        | Reached skill level 17 in Throwing
    19 | D        | Reached skill level 17 in Armour
    19 | D        | Reached skill level 17 in Dodging
    19 | D        | Reached skill level 16 in Spellcasting
    19 | D        | Reached skill level 17 in Translocations
    20 | D        | Noticed a meat berserker
    20 | D        | Killed a bag of meat
    20 | D        | Reached skill level 20 in Unarmed Combat
    20 | D        | Reached skill level 20 in Invocations
    20 | D        | Reached XP level 20. HP: 216/216 MP: 17/39
    20 | D        | Killed a meat berserker
    20 | D        | Reached skill level 18 in Throwing
    20 | D        | Reached skill level 18 in Armour
    20 | D        | Reached skill level 18 in Dodging
    20 | D        | Reached skill level 21 in Unarmed Combat
    20 | D        | Reached skill level 17 in Spellcasting
    20 | D        | Reached skill level 18 in Translocations
    20 | D        | Reached skill level 21 in Invocations
    20 | D        | Killed a bag of meat
    20 | D        | Reached ****** piety under Makhleb
    20 | D        | Reached skill level 19 in Throwing
    20 | D        | Reached skill level 19 in Armour
    20 | D        | Reached skill level 19 in Dodging
    20 | D        | Reached skill level 22 in Unarmed Combat
    20 | D        | Reached skill level 18 in Spellcasting
    20 | D        | Reached skill level 19 in Translocations
    20 | D        | Reached skill level 22 in Invocations
    21 | D        | Noticed a bag of meat
    21 | D        | Noticed a large bag of meat
    21 | D        | Noticed a bag of meat
    21 | D        | Noticed a bag of meat
    21 | D        | Noticed a bag of meat
    21 | D        | Noticed a bag of meat
    21 | D        | Noticed a bag of meat
    21 | D        | Noticed a bag of meat
    21 | D        | Noticed a bag of meat
    22 | D        | Noticed a bag of meat
    22 | D        | Noticed a bag of meat
    22 | D        | Killed a bag of meat
    22 | D        | Reached XP level 21. HP: 224/224 MP: 18/42
    22 | D        | Killed a bag of meat
    22 | D        | Reached skill level 20 in Throwing
    22 | D        | Reached skill level 20 in Armour
    22 | D        | Reached skill level 20 in Dodging
    22 | D        | Reached skill level 23 in Unarmed Combat
    22 | D        | Reached skill level 20 in Translocations
    22 | D        | Reached skill level 23 in Invocations
    22 | D        | Killed a bag of meat
    22 | D        | Reached skill level 19 in Spellcasting
    23 | D        | Noticed a bag of meat
    23 | D        | Noticed a bag of meat
    23 | D        | Noticed a bag of meat
    23 | D        | Noticed a bag of meat
    23 | D        | Noticed a meat berserker
    23 | D        | Killed a bag of meat
    23 | D        | Reached skill level 21 in Throwing
    23 | D        | Reached skill level 21 in Dodging
    23 | D        | Reached skill level 24 in Unarmed Combat
    23 | D        | Reached skill level 21 in Translocations
    23 | D        | Reached skill level 24 in Invocations
    23 | D        | Killed a bag of meat
    23 | D        | Reached skill level 21 in Armour
    23 | D        | Reached skill level 20 in Spellcasting
    23 | D        | Killed a bag of meat
    23 | D        | Reached skill level 25 in Unarmed Combat
    23 | D        | Killed a bag of meat
    23 | D        | Reached skill level 22 in Throwing
    23 | D        | Reached skill level 22 in Armour
    23 | D        | Reached skill level 22 in Dodging
    23 | D        | Reached skill level 22 in Translocations
    23 | D        | Reached skill level 25 in Invocations
    23 | D        | Reached XP level 22. HP: 233/233 MP: 18/45
    23 | D        | Killed a meat berserker
    23 | D        | Reached skill level 26 in Unarmed Combat
    23 | D        | Reached skill level 21 in Spellcasting
    23 | D        | Reached skill level 26 in Invocations
    24 | D        | Noticed a bag of meat
    24 | D        | Noticed a meat berserker
    24 | D        | Noticed a bag of meat
    24 | D        | Noticed a meat berserker
    24 | D        | Noticed a bag of meat
    24 | D        | Killed a meat berserker
    24 | D        | Reached skill level 23 in Throwing
    24 | D        | Reached skill level 23 in Armour
    24 | D        | Reached skill level 23 in Dodging
    24 | D        | Reached skill level 27 in Unarmed Combat
    24 | D        | Reached skill level 22 in Spellcasting
    24 | D        | Reached skill level 23 in Translocations
    24 | D        | Reached skill level 27 in Invocations
    24 | D        | Killed a bag of meat
    24 | D        | Reached skill level 24 in Throwing
    24 | D        | Reached skill level 24 in Armour
    24 | D        | Reached skill level 24 in Dodging
    24 | D        | Reached skill level 24 in Translocations
    24 | D        | Killed a bag of meat
    24 | D        | Reached skill level 23 in Spellcasting
    24 | D        | Reached XP level 23. HP: 240/240 MP: 18/49
    25 | D        | Noticed a bag of meat
    25 | D        | Noticed a bag of meat
    25 | D        | Noticed a meat berserker
    25 | D        | Noticed a bag of meat
    25 | D        | Noticed a bag of meat
    26 | D        | Noticed a bag of meat
    26 | D        | Noticed a bag of meat
    26 | D        | Noticed a bag of meat
    26 | D        | Killed a meat berserker
    26 | D        | Reached skill level 25 in Throwing
    26 | D        | Reached skill level 25 in Armour
    26 | D        | Reached skill level 25 in Dodging
    26 | D        | Reached skill level 25 in Translocations
    26 | D        | Killed a large bag of meat
    26 | D        | Reached skill level 24 in Spellcasting
    27 | D        | Noticed a bag of meat
    27 | D        | Noticed a bag of meat
    27 | D        | Noticed a bag of meat
    27 | D        | Killed a bag of meat
    27 | D        | Reached skill level 26 in Throwing
    27 | D        | Reached skill level 26 in Armour
    27 | D        | Reached skill level 26 in Dodging
    27 | D        | Reached skill level 26 in Translocations
    27 | D        | Killed a bag of meat
    27 | D        | Killed a bag of meat
    27 | D        | Reached skill level 25 in Spellcasting
    27 | D        | Reached skill level 27 in Translocations
    27 | D        | Noticed a bag of meat
    28 | D        | Noticed a bag of meat
    28 | D        | Noticed a bag of meat
    28 | D        | Noticed a bag of meat
    28 | D        | Killed a meat berserker
    28 | D        | Reached skill level 27 in Throwing
    28 | D        | Reached skill level 27 in Armour
    28 | D        | Reached skill level 27 in Dodging
    28 | D        | Reached skill level 27 in Spellcasting
    28 | D        | Reached XP level 24. HP: 249/249 MP: 19/53
    28 | D        | Killed a bag of meat
    28 | D        | Killed a bag of meat
    28 | D        | Killed a bag of meat
    28 | D        | Killed a bag of meat
    29 | D        | Noticed a bag of meat
    29 | D        | Noticed a bag of meat
    29 | D        | Noticed a meat berserker
    29 | D        | Killed a bag of meat
    29 | D        | Killed a meat berserker
    29 | D        | Reached XP level 25. HP: 257/257 MP: 19/53
    29 | D        | Killed a bag of meat
    29 | D        | Killed a bag of meat
    30 | D        | Killed a meat berserker
    30 | D        | Killed a meat berserker
    30 | D        | Killed a bag of meat
    30 | D        | Reached XP level 26. HP: 266/266 MP: 20/53
    31 | D        | Noticed a bag of meat
    31 | D        | Killed a bag of meat
    31 | D        | Killed a bag of meat
    31 | D        | Killed a bag of meat
    32 | D        | Noticed a sculptor of flesh
    32 | D        | Noticed a bag of meat
    32 | D        | Killed a bag of meat
    33 | D        | Noticed a large bag of meat
    33 | D        | Killed a bag of meat
    34 | D        | Killed a meat berserker
    34 | D        | Killed a bag of meat
    34 | D        | Reached XP level 27. HP: 273/273 MP: 21/53
    34 | D        | Killed a bag of meat
    34 | D        | Killed a bag of meat
    34 | D        | Killed a bag of meat
    34 | D        | Killed a bag of meat
    34 | D        | Killed a bag of meat
    35 | D        | Noticed a large bag of meat
    35 | D        | Killed a bag of meat
    36 | D        | Noticed a sculptor of flesh
    36 | D        | Killed a bag of meat
    36 | D        | Killed a bag of meat
    36 | D        | Killed a bag of meat
    37 | D        | Noticed a meat berserker
    37 | D        | Killed a bag of meat
    37 | D        | Killed a bag of meat
    37 | D        | Killed a bag of meat
    37 | D        | Killed a bag of meat
    38 | D        | Noticed a destroyer
    38 | D        | Killed a bag of meat
    38 | D        | Killed a bag of meat
    39 | D        | Noticed a destroyer
    39 | D        | Noticed a destroyer
    39 | D        | Killed a bag of meat
    40 | D        | Killed a sculptor of flesh
    40 | D        | Killed a bag of meat
    41 | D        | Noticed a meat berserker
    41 | D        | Killed a meat berserker
    41 | D        | Killed a bag of meat
    41 | D        | Killed a bag of meat
    42 | D        | Noticed a bag of meat
    42 | D        | Noticed a sculptor of flesh
    42 | D        | Killed a destroyer
    42 | D        | Killed a destroyer
    43 | D        | Noticed a bag of meat
    43 | D        | Killed a large bag of meat
    44 | D        | Noticed a bag of meat
    44 | D        | Noticed a destroyer
    44 | D        | Noticed a meat berserker
    44 | D        | Noticed a bag of meat
    45 | D        | Noticed a meat berserker
    45 | D        | Noticed a bag of meat
    45 | D        | Noticed a bag of meat
    45 | D        | Killed a destroyer
    46 | D        | Noticed a large bag of meat
    46 | D        | Noticed a bag of meat
    47 | D        | Noticed a bag of meat
    47 | D        | Noticed a meat berserker
    47 | D        | Noticed an accursed
    47 | D        | Noticed a bag of meat
    47 | D        | Killed a meat berserker
    47 | D        | Killed a meat berserker
    48 | D        | Noticed a bag of meat
    48 | D        | Noticed a bag of meat
    48 | D        | Noticed a bag of meat
    48 | D        | Noticed a large bag of meat
    48 | D        | Noticed a bag of meat
    48 | D        | Noticed a bag of meat
    49 | D        | Noticed a bag of meat
    49 | D        | Noticed a sculptor of flesh
    49 | D        | Noticed a bag of meat
    49 | D        | Noticed a meat berserker
    50 | D        | Noticed a bag of meat
    50 | D        | Killed a meat berserker
    50 | D        | Killed a bag of meat
    50 | D        | Killed a destroyer
    50 | D        | Killed a meat berserker
    51 | D        | Noticed a destroyer
    51 | D        | Noticed a bag of meat
    51 | D        | Killed a large bag of meat
    51 | D        | Killed a sculptor of flesh
    51 | D        | Killed a bag of meat
    51 | D        | Killed a bag of meat
    51 | D        | Killed a bag of meat
    52 | D        | Noticed an accursed
    52 | D        | Noticed a bag of meat
    52 | D        | Noticed a bag of meat
    52 | D        | Killed a bag of meat
    52 | D        | Killed a bag of meat
    53 | D        | Noticed a bag of meat
    53 | D        | Killed a bag of meat
    53 | D        | Killed a bag of meat
    53 | D        | Noticed a bag of meat
    54 | D        | Noticed a sculptor of flesh
    55 | D        | Killed a bag of meat
    55 | D        | Killed a bag of meat
    55 | D        | Killed a bag of meat
    55 | D        | Killed a meat berserker
    56 | D        | Noticed a meat berserker
    56 | D        | Noticed a tyrant
    56 | D        | Killed a bag of meat
    56 | D        | Killed a bag of meat
    56 | D        | Killed a bag of meat
    56 | D        | Killed a bag of meat
    56 | D        | Killed a large bag of meat
    57 | D        | Noticed an accursed
    57 | D        | Noticed a bag of meat
    57 | D        | Killed a bag of meat
    57 | D        | Killed a bag of meat
    58 | D        | Killed a destroyer
    58 | D        | Killed a bag of meat
    58 | D        | Killed a bag of meat
    59 | D        | Noticed a meat berserker
    59 | D        | Killed a bag of meat
    59 | D        | Killed a bag of meat
    62 | D        | Noticed an accursed
    62 | D        | Killed a sculptor of flesh
    62 | D        | Killed a tyrant
    63 | D        | Noticed a dread
    63 | D        | Killed an accursed
    64 | D        | Killed a meat berserker
    64 | D        | Killed a sculptor of flesh
    65 | D        | Noticed a meat berserker
    65 | D        | Killed a bag of meat
    65 | D        | Killed a large bag of meat
    65 | D        | Killed a bag of meat
    66 | D        | Killed a sculptor of flesh
    66 | D        | Killed a meat berserker
    67 | D        | Noticed a tyrant
    67 | D        | Killed a bag of meat
    67 | D        | Killed an accursed
    68 | D        | Noticed a meat berserker
    68 | D        | Killed a dread
    69 | D        | Noticed a meat berserker
    69 | D        | Killed a meat berserker
    70 | D        | Noticed a meat berserker
    70 | D        | Noticed a meat berserker
    71 | D        | Noticed a bag of meat
    71 | D        | Killed a tyrant
    73 | D        | Noticed a meat berserker
    73 | D        | Noticed a meat beast
    73 | D        | Noticed a meat beast
    73 | D        | Killed a meat berserker
    74 | D        | Noticed a bag of meat
    74 | D        | Noticed a bag of meat
    75 | D        | Noticed a destroyer
    75 | D        | Killed a meat berserker
    76 | D        | Noticed a meat beast
    76 | D        | Killed a meat beast
    76 | D        | Killed a meat beast
    76 | D        | Killed a meat berserker
    77 | D        | Noticed a bag of meat
    77 | D        | Killed a meat berserker
    79 | D        | Noticed a meat berserker
    79 | D        | Noticed a tyrant
    79 | D        | Noticed a meat beast
    79 | D        | Killed an accursed
    79 | D        | Killed a meat berserker
    80 | D        | Killed a meat beast
    81 | D        | Noticed a bag of meat
    82 | D        | Noticed a bag of meat
    82 | D        | Killed a bag of meat
    83 | D        | Noticed a meat berserker
    83 | D        | Killed a meat beast
    84 | D        | Killed a bag of meat
    85 | D        | Killed an accursed
    85 | D        | Killed a meat berserker
    86 | D        | Noticed a meat berserker
    86 | D        | Killed a meat berserker
    86 | D        | Killed a destroyer
    86 | D        | Killed a bag of meat
    88 | D        | Killed a bag of meat
    88 | D        | Killed a bag of meat
    89 | D        | Noticed a dread
    89 | D        | Noticed a bag of meat
    91 | D        | Noticed a meat berserker
    91 | D        | Killed a bag of meat
    91 | D        | Killed a meat berserker
    92 | D        | Noticed a bag of meat
    92 | D        | Noticed a meat berserker
    93 | D        | Killed an observer
    93 | D        | Killed a wretched soul
    94 | D        | Noticed a meat beast
    94 | D        | Killed a tyrant
    96 | D        | Killed an observer
    98 | D        | Killed a meat berserker
    99 | D        | Noticed a dread
    99 | D        | Killed a meat beast
   100 | D        | Noticed a bag of meat
   100 | D        | Noticed a meat berserker
   100 | D        | Killed a meat berserker
   101 | D        | Noticed a tyrant
   101 | D        | Killed a bag of meat
   102 | D        | Noticed a meat berserker
   104 | D        | Killed an observer
   105 | D        | Noticed an accursed
   106 | D        | Noticed a meat beast
   106 | D        | Killed a tyrant
   106 | D        | Killed an observer
   108 | D        | Killed a dread
   108 | D        | Killed a dread
   108 | D        | Killed an observer
   109 | D        | Noticed a bag of meat
   109 | D        | Killed a meat berserker
   111 | D        | Killed a meat berserker
   112 | D        | Noticed an accursed
   112 | D        | Killed a bag of meat
   112 | D        | Killed a wretched soul
   113 | D        | Killed a meat beast
   119 | D        | Killed an observer
   123 | D        | Noticed a bag of meat
   124 | D        | Noticed a meat beast
   126 | D        | Killed a bag of meat
   127 | D        | Noticed a fleshlord
   127 | D        | Killed a meat beast
   127 | D        | Killed a bag of meat
   128 | D        | Noticed a bag of meat
   129 | D        | Killed a wretched soul
   130 | D        | Killed a bag of meat
   131 | D        | Noticed a fleshlord
   132 | D        | Noticed a bag of meat
   132 | D        | Noticed a fleshlord
   133 | D        | Noticed a fleshlord
   134 | D        | Killed a bag of meat
   134 | D        | Killed a fleshlord
   136 | D        | Killed a fleshlord
   136 | D        | Killed an accursed
   136 | D        | Killed a bag of meat
   137 | D        | Killed an accursed
   137 | D        | Killed a fleshlord
   139 | D        | Noticed a dread
   139 | D        | Killed an observer
   143 | D        | Annihilated by a fleshlord

Table legend:
 A = Turns spent in this place as a percentage of turns spent in the entire game.
 B = Non-inter-level travel turns spent in this place as a percentage of non-inter-level travel turns spent in the entire game.
 C = Inter-level travel turns spent in this place as a percentage of turns spent in this place.
 D = Turns resting spent in this place as a percentage of non-inter-level travel turns spent in this place.
 E = Turns spent auto-exploring this place as a percentage of non-inter-level travel turns spent in this place.
 F = Non-inter-level travel turns spent in this place divided by the number of levels of this place that you've seen.
                   A       B       C       D       E      F
               +-------+-------+-------+-------+-------+----------------------
         Total | 100.0 | 100.0 |   0.0 |   0.0 |   0.0 | 253.0
       Dungeon | 100.0 | 100.0 |   0.0 |   0.0 |   0.0 | 253.0
               +-------+-------+-------+-------+-------+----------------------

Table legend:
 A = Kills in this place as a percentage of kills in entire the game.
 B = Kills by you in this place as a percentage of kills by you in the entire game.
 C = Kills by friends in this place as a percentage of kills by friends in the entire game.
 D = Other kills in this place as a percentage of other kills in the entire game.
 E = Experience gained in this place as a percentage of experience gained in the entire game.
 F = Experience gained in this place divided by the number of levels of this place that you have seen.
                   A       B       C       D       E      F
               +-------+-------+-------+-------+-------+----------------------
         Total | 100.0 | 100.0 |  -nan |  -nan | 100.0 | 6324505.0
       Dungeon | 100.0 | 100.0 |  -nan |  -nan | 100.0 | 6324505.0
               +-------+-------+-------+-------+-------+----------------------

Vanquished Creatures
  3 hell knights (D)
  7 hell beasts (D)
  6 greater mummies (D)
  7 great orbs of eyes (D)
  3 wraiths (D)
  6 vampire knights (D)
  37 ogres (D)
  4 liches (D)
  4 hydras (D)
  91 orcs (D)
  3 phantoms (D)
  5 hill giants (D)
  5 skeletal warriors (D)
  4 sea snakes (D)
  14 small abominations (D)
  6 large abominations (D)
  11 crawling corpses (D)
216 creatures vanquished.

Vanquished Creatures (others)
  3 crawling corpses (D)
3 creatures vanquished.

Grand Total: 219 creatures vanquished
